 Dungeon Crawl Stone Soup version 0.18.1-50-g88ac8fd (webtiles) character file.

65 Ilten the Skirmisher (level 3, -4/30 HPs)
             Began as a Demonspawn Abyssal Knight on Apr 6, 2017.
             Was a Believer of Lugonu.
             Slain by an orc priest
             ... wielding a +0 war axe of electrocution
              (16 damage)
             ... on level 3 of the Dungeon.
             The game lasted 00:10:33 (1880 turns).

Ilten the Skirmisher (Demonspawn Abyssal Knight)    Turns: 1880, Time: 00:10:33

Health: -4/30      AC:  5    Str: 13    XL:     3   Next: 94%
Magic:  0/5        EV: 10    Int: 13    God:    Lugonu [**....]
Gold:   64         SH:  0    Dex: 12    Spells: 0 memorised, 2 levels left

rFire  . . .     SeeInvis .     a - +3 falchion {Verity}
rCold  . . .     Gourm    .     h - +0 ring mail
rNeg   . . .     Faith    .     (no shield)
rPois  .         Spirit   +     (no helmet)
rElec  .         Dismiss  .     (no cloak)
rCorr  .         Reflect  .     (no gloves)
SustAt .         Harm     .     (no boots)
MR     .....                    (no amulet)
Stlth  +.........               (no ring)
                                (no ring)

@: not resistant to hostile enchantments, very unstealthy
A: magic shield, rot immunity
a: Depart the Abyss, Bend Space, Renounce Religion


You were on level 3 of the Dungeon.
You worshipped Lugonu.
Lugonu was pleased with you.
You were not hungry.

You visited 1 branch of the dungeon, and saw 3 of its levels.
You visited the Abyss 1 time.

You collected 64 gold pieces.

Inventory:

Hand Weapons
 a - a +3 falchion (weapon) {Verity}
Armour
 b - a +0 leather armour
 h - a +0 ring mail (worn)
Scrolls
 d - a scroll of fear {unknown}
 e - a scroll of remove curse
Potions
 g - a potion of curing {unknown}
 i - a potion of magic {unknown}
Comestibles
 c - 2 bread rations
 f - a fruit
 j - a meat ration


   Skills:
 + Level 3.7 Fighting
 + Level 2.4 Long Blades
 + Level 2.3 Armour
 + Level 1.3 Dodging
 + Level 0.2 Stealth
 + Level 2.7 Invocations


You had 2 spell levels left.
You didn't know any spells.

Dungeon Overview and Level Annotations

Branches:
Dungeon (3/15)

Altars:
Fedhas
Kikubaaqudgha
Makhleb
The Shining One


Innate Abilities, Weirdness & Mutations

When hurt, damage is shared between your health and your magic reserves.
You are immune to rotting.


Message History

You open the door. 2 orcs, an orc priest and an orc wizard come into view.
The orc shouts! x2
An orc comes into view. It is wielding a short sword.
The orc shouts!
There is an open door here.
The orc priest barely misses you.
You closely miss the orc priest.
The orc wizard gestures wildly while chanting.
The orc wizard blinks!
The orc barely misses you. The orc barely misses you.
The orc hits you with a short sword.
The orc priest hits you with a war axe of electrocution.
You are electrocuted!
The orc closely misses you. The orc barely misses you.
The orc hits you with a short sword. The orc hits you.
The orc priest hits you but does no damage.
You are electrocuted!
Ouch! That really hurt!
You die...

...... ...... ....
#######..
#......#####+###.#..
+......'............
#......#####'#######
#......#.....o.#
#####......#...o@o.#
...........#...o...#
...........#.......#
...........#.......#
...........#....o..#
.....#######.......#
.....+ #.......#
.....# ##....###
.....# ......


You could see an orc priest, an orc wizard and 3 orcs.

Vanquished Creatures
  An adder (D:2)
  An adder zombie (D:3)
  2 dart slugs (D:1)
  4 giant geckos
  2 giant cockroaches
  6 goblins
  7 hobgoblins
  2 jackals (D:1)
  3 bats
  4 giant newts
  5 kobolds
  6 rats
43 creatures vanquished.

Notes
Turn   | Place    | Note
--------------------------------------------------------------
     0 | Abyss:1  | Ilten the Demonspawn Abyssal Knight began the quest for the Orb.
     0 | Abyss:1  | Reached XP level 1. HP: 18/18 MP: 2/2
    40 | D:1      | Escaped the Abyss
   123 | D:1      | Gained mutation: When hurt, damage is shared between your health and your magic reserves. [demonic ancestry]
   123 | D:1      | Reached XP level 2. HP: 20/24 MP: 3/3
   213 | D:1      | Reached * piety under Lugonu
   531 | D:1      | Gained mutation: You are immune to rotting. [demonic ancestry]
   531 | D:1      | Reached XP level 3. HP: 29/29 MP: 4/4
   538 | D:1      | Reached skill level 1 in Dodging
  1075 | D:2      | Found a glowing golden altar of the Shining One.
  1096 | D:2      | Found a blossoming altar of Fedhas.
  1370 | D:2      | Found a burning altar of Makhleb.
  1438 | D:2      | Reached ** piety under Lugonu
  1601 | D:2      | Found an ancient bone altar of Kikubaaqudgha.
  1880 | D:3      | Slain by an orc priest

Skill      XL: |  1  2  3 |
---------------+----------+-----
Long Blades    | 2 |  2.4
Armour         | 2 |  2.3
Dodging        | 1 |  1.3
Fighting       | |  3.7
Stealth        | |  0.2
Invocations    | |  2.7

Action                   || total
-------------------------++-------
Melee: Falchion          ||   139
Invok: Depart the Abyss  ||     1
  Use: Scroll            ||     6
  Eat: Bread ration      ||     1
       Chunk             ||     1
Armor: Leather armour    ||    19
       Ring mail         ||    24
Dodge: Dodged            ||    95
